 Dungeon Crawl Stone Soup version 0.27.0-1-g7a089689b8 (webtiles) character file.

Game seed: 9725185206584894667

46 freelancePsychic the Cudgeller (level 3, 0/29 HPs)
             Began as a Formicid Warper on Aug 3, 2021.
             Slain by a worm (9 damage)
             ... on level 2 of the Dungeon.
             The game lasted 00:02:25 (1494 turns).

freelancePsychic the Cudgeller (Formicid Warper)    Turns: 1494, Time: 00:02:26

Health: 0/29       AC:  3    Str: 16    XL:     3   Next: 92%
Magic:  6/6        EV: 11    Int: 12    God:
Gold:   38         SH:  0    Dex: 10    Spells: 6/6 levels left

rFire    . . .     SeeInvis +   h - +0 battleaxe
rCold    . . .     Faith    .   (no shield)
rNeg     . . .     Spirit   .   b - +0 leather armour
rPois    .         Reflect  .   (helmet unavailable)
rElec    .         Harm     .   (no cloak)
rCorr    .         Rampage  .   (no gloves)
Will     .....                  (no boots)
Stlth    +.........             (no amulet)
HPRegen  0.09/turn              (no ring)
MPRegen  0.10/turn              (no ring)

@: no status effects
A: permanent stasis, dig shafts and tunnels, antennae 3, four strong arms
a: Dig, Shaft Self


You were on level 2 of the Dungeon.
You visited 1 branch of the dungeon, and saw 2 of its levels.

You collected 38 gold pieces.

Inventory:

Hand Weapons
 a - a +0 mace
 h - a +0 battleaxe (weapon)
Missiles
 c - 5 boomerangs of dispersal (quivered)
 f - 7 boomerangs
Armour
 b - a +0 leather armour (worn)
Jewellery
 g - an amulet of faith
 j - a +6 ring of strength
Scrolls
 e - 2 scrolls of identify {unknown}
 i - a scroll of magic mapping {unknown}
Potions
 d - 2 potions of degeneration {unknown}


   Skills:
 + Level 3.0 Fighting
 * Level 1.1(2.2) Axes
 - Level 3.0(3.1) Maces & Flails
 - Level 1.0 Throwing
 - Level 1.1 Armour
 - Level 1.7 Dodging
 - Level 2.2 Spellcasting
 - Level 2.7 Translocations


You had 6 spell levels left.
You didn't know any spells.
Your spell library contained the following spells:

 Spells                   Type           Power      Damage    Failure   Level
 Gell's Gravitas          Tloc           3%         N/A       32%         3
 Lesser Beckoning         Tloc           3%         N/A       32%         3
 Teleport Other           Tloc           7%         N/A       32%         3
 Manifold Assault         Tloc           7%         N/A       96%         5
 Blink                    Tloc           Unusable   N/A       N/A         2

Dungeon Overview and Level Annotations

Branches:
Dungeon (2/15)

Altars:

Shops:
D:1 [**


Innate Abilities, Weirdness & Mutations

You cannot be hasted, slowed, berserked, paralysed or teleported.
You can dig through walls and to a lower floor.
You have a pair of large antennae on your head. (SInv)
Your four strong arms can wield two-handed weapons with a shield.


Message History

You are too injured to fight recklessly!
You are too injured to fight recklessly!
You are too injured to fight recklessly!
You are too injured to fight recklessly!
You are too injured to fight recklessly!
You are too injured to fight recklessly!
You are too injured to fight recklessly!
You are too injured to fight recklessly!
You are too injured to fight recklessly!
You are too injured to fight recklessly!
You are too injured to fight recklessly!
You are too injured to fight recklessly!
You are too injured to fight recklessly!
You are too injured to fight recklessly!
You are too injured to fight recklessly!
You are too injured to fight recklessly!
The bat barely misses you. The bat closely misses you.
The bat hits you but does no damage. The bat barely misses you.
The bat hits you but does no damage. The bat hits you but does no damage.
The bat hits you but does no damage. The bat barely misses you.
You closely miss the bat. The bat hits you.
You closely miss the bat. The bat misses you.
The bat hits you but does no damage. The bat hits you.
You hit the bat.
You kill the bat!
Your Fighting skill increases to level 3!
You hit the worm.
The worm is lightly wounded.
The worm bites you but does no damage.
You slash the worm!
The worm is almost dead.
The worm bites you!
You barely miss the worm.
The worm is almost dead.
The worm bites you!
You die...

### #......# #.
###.##.# #. #.##.#
## # ##.# #.#
####.##.##
.........#
#.##.###.# #.# #@#
# #.# #w# # #.
#.###.## ...
####.##.##..$#...#
...............#
.###.#...#...###
#.#...##.##
#........#
###...##.#


You could see a worm.

Vanquished Creatures
  3 dart slugs
  3 endoplasms (D:1)
  3 goblins
  A hobgoblin (D:2)
  8 jackals
  6 ball pythons
  7 bats
  A frilled lizard (D:1)
  2 kobolds (D:1)
  5 rats
39 creatures vanquished.

Vanquished Creatures (others)
  2 plants (D:1)
2 creatures vanquished.

Grand Total: 41 creatures vanquished

Notes
Turn   | Place    | Note
-------+----------+-------------------------------------------
     0 | D:1      | freelancePsychic the Formicid Warper began the quest for
                  | the Orb.
     0 | D:1      | Reached XP level 1. HP: 16/16 MP: 3/3
   174 | D:1      | Reached XP level 2. HP: 23/23 MP: 5/5
   343 | D:1      | Found Teficky's Assorted Antiques.
   436 | D:1      | Found Notsoxic's General Store.
   899 | D:1      | Reached XP level 3. HP: 26/28 MP: 6/6
   939 | D:1      | Found Fayr's Antique Armour Emporium.
  1443 | D:2      | Reached skill level 1 in Axes
  1494 | D:2      | Slain by a worm

Illustrated notes

Levels and vault maps discovered:
D:1:      saegor_arrival_miasma, layout_basic, serial_shops,
          nicolae_diamond_shop, nicolae_shop_overgrown_old_shop, shop
D:2:      layout_loops_ring, hellmonk_ecumenical_altar_dog_temple,
          minmay_tromino_i2

Skill      XL: |  1  2  3 |
---------------+----------+-----
Maces & Flails | 3 |  3.0
Axes           | 1 |  1.1
Fighting       | 3 |  3.0
Throwing       | |  1.0
Armour         | |  1.1
Dodging        | |  1.7
Spellcasting   | |  2.2
Translocations | |  2.7

Action                   || total
-------------------------++-------
Melee: Mace              ||    59
       Battleaxe         ||    54
 Stab: Sleeping          ||     1
Armor: Leather armour    ||    58
Dodge: Dodged            ||   101
